AoeStats
← Denisov

Black Forest

504734873Analyzed
2v2 RM · 27d ago on Sep 6, 2026· 44m 30s· 4 players
Game mode
Random Map
Map size
Medium (4 player)
Population
200
Speed
Normal
Resources
Standard
Victory
Conquest
Starting age
Dark Age
Ending age
Imperial Age
RankedLock teamsTeams togetherTeam positionsShared explorationLock speedFull tech treeHidden civsTurbo modeCheats
Victory
Defeat
🇹🇼 Tatars · Taiwan
793
+15
🇩🇪 Portuguese · Germany
660
+20
🇻🇳 Burmese · Vietnam
903
-63
🇻🇳 Magyars · Vietnam
627
-12
S1mpUn
14:21 Feudal Age
13:01 Loom
15:04 Horse Collar
17:56 Wheelbarrow
23:36 Castle Age
23:39 Forging
27:02 Padded Archer Armor
31:40 Hand Cart
31:33 Heavy Plow
31:50 Man-at-Arms
31:55 Pikeman
35:45 Stone Mining
35:46 Gold Mining
36:09 Masonry
36:42 Iron Casting
37:30 Squires
no
12:16 Feudal Age
16:59 Castle Age
14:44 Horse Collar
16:47 Double-Bit Axe
24:00 Heavy Plow
27:50 Scale Barding Armor
28:50 Wheelbarrow
29:16 Bow Saw
30:30 Stone Mining
30:33 Gold Mining
32:22 Hand Cart
32:29 Fletching
32:40 Padded Archer Armor
34:16 Gold Shaft Mining
34:32 Scale Mail Armor
34:56 Chain Barding Armor
35:47 Bloodlines
35:40 Husbandry
40:52 Imperial Age
41:17 Scale Mail Armor
40:53 Cavalier
verna7019
2:00 Loom
11:21 Feudal Age
14:33 Wheelbarrow
16:29 Castle Age
14:47 Stone Mining
15:36 Double-Bit Axe
16:46 Gold Mining
32:38 Imperial Age
30:49 Horse Collar
31:20 Scale Barding Armor
33:35 Ballistics
33:01 Elite Skirmisher
35:34 Chemistry
36:48 Timurid Siegecraft
40:25 Pikeman
Denisov
13:50 Feudal Age
14:19 Horse Collar
16:46 Man-at-Arms
22:51 Castle Age
21:21 Double-Bit Axe
21:31 Stone Mining
23:06 Forging
22:56 Scale Mail Armor
22:58 Long Swordsman
27:16 Crossbowman
30:28 Gold Mining
32:44 Wheelbarrow
32:22 Bow Saw
33:55 Caravan
35:04 Stone Shaft Mining
37:31 Iron Casting
37:11 Chain Mail Armor
37:02 Scale Barding Armor
36:57 Padded Archer Armor
36:48 Fletching
37:07 Scale Barding Armor
42:20 Leather Archer Armor
42:00 Bodkin Arrow
42:26 Chain Barding Armor
42:12 Heavy Plow
Connection lost

Rejoining the realm…

Still unreachable

The connection could not be restored.

Session expired

The server has moved on; the page needs a fresh start.